 Dungeon Crawl Stone Soup version 0.31-a0-360-gb3e1d13bf4 (webtiles) character file.

Game seed: 7996718122558422785

182 pascalblue the Magician (level 5, 0/28 HPs)
             Began as a Deep Elf Fire Elementalist on July 26, 2023.
             Was an Initiate of Vehumet.
             Slain by a gnoll
             ... wielding a +0 spear
              (2 damage)
             ... on level 4 of the Dungeon.
             The game lasted 00:10:44 (3359 turns).

pascalblue the Magician (DEFE)                      Turns: 3359, Time: 00:10:44

Health: 0/28       AC:  4    Str:  5    XL:     5   Next: 35%
Magic:  8/14       EV: 12    Int: 28    God:    Vehumet [......]
Gold:   178        SH:  0    Dex: 15    Spells: 4/14 levels left

rFire   + . .        m - +1 hand axe (elec)
rCold   x . .        (no shield)
rNeg    . . .        a - +0 robe
rPois   .            f - +1 helmet
rElec   .            (no cloak)
rCorr   .            (no gloves)
SInv    .            (no boots)
Will    .....        (no amulet)
Stlth   ++           k - ring of fire
HPRegen 0.24/turn    l - +6 ring of intelligence
MPRegen 0.14/turn

%: no passive effects
@: mighty, lethally poisoned (0 -> -5)
A: no striking features
a: Renounce Religion


You were on level 4 of the Dungeon.
You worshipped Vehumet.
Vehumet was noncommittal.
You visited 1 branch of the dungeon, and saw 4 of its levels.

You collected 178 gold pieces.

Inventory:

Hand Weapons
 c - a +0 heavy dagger
 g - a +1 dagger of draining
 m - a +1 hand axe of electrocution (weapon)
Armour
 a - a +0 robe (worn)
 f - a +1 helmet (worn)
Jewellery
 k - a ring of fire (left hand)
 l - a +6 ring of intelligence (right hand)
 p - a ring of magical power
Wands
 e - a wand of light (10)
Scrolls
 n - a scroll of fear
Potions
 b - a potion of magic
 h - a potion of ambrosia {unknown}
 i - a potion of lignification
 j - a potion of degeneration {unknown}
 o - a potion of haste {unknown}


   Skills:
 - Level 2.4 Dodging
 - Level 2.4 Stealth
 * Level 5.1 Spellcasting
 * Level 2.3 Conjurations
 + Level 1.4 Translocations
 * Level 4.9 Fire Magic


You had 4 spell levels left.
You knew the following spells:

 Your Spells              Type           Power      Damage    Failure   Level
a - Foxfire               Conj/Fire      100%       2x1d9     1%          1
b - Scorch                Fire           100%       2d9       1%          2
c - Volatile Blastmotes   Fire/Tloc      74%        2d16      5%          3
d - Flame Wave            Conj/Fire      41%        2d11      14%         4

Your spell library contained the following spells:

 Spells                   Type           Power      Damage    Failure   Level
 Inner Flame              Hex/Fire       31%        N/A       7%          3
 Portal Projectile        Hex/Tloc       22%        N/A       14%         3
 Tukima's Dance           Hex            7%         N/A       21%         3
 Iskenderun's Mystic Bla  Conj/Tloc      17%        2d5       30%         4


Dungeon Overview and Level Annotations

Branches:
Dungeon (4/15)
 Temple: D:4-7

Altars:
Elyvilon
Vehumet

Annotations:
D:3 cforsyth's ghost, amateur GnAr


Message History

The scorpion is heavily wounded.
The foxfire hits the scorpion but does no damage.
The scorpion is heavily wounded.
The gnoll hits you but does no damage.
Your foxfire dissipates!
The foxfire hits the scorpion.
The scorpion is almost dead.
The scorpion stings you. The scorpion attacks as you move away!
The scorpion stings you but does no damage.
The scorpion stings you.
You are poisoned.
The scorpion poisons you!
You feel very sick.
Casting: Foxfire (safe; 1% risk of failure)
Confirm with . or Enter, or press ? or * to list all spells.
You feel a surge of power!
Flames lash the gnoll.
The gnoll is heavily wounded.
The gnoll's fire resistance burns away.
You feel very sick. The scorpion stings you.
Casting: Scorch (safe; 1% risk of failure)
Confirm with . or Enter, or press ? or * to list all spells.
You feel a surge of power!
You conjure some foxfire!
You feel sick. The scorpion stings you!
* * * LOW HITPOINT WARNING * * *
Casting: Foxfire (safe; 1% risk of failure)
Confirm with . or Enter, or press ? or * to list all spells.
You don't know that spell.
It was a potion of might.
You feel very mighty all of a sudden.
* * * LOW HITPOINT WARNING * * *
You feel sick.
The foxfire hits the scorpion.
The scorpion is almost dead.
The foxfire hits the scorpion but does no damage.
The scorpion is almost dead.
The scorpion stings you.
* * * LOW HITPOINT WARNING * * *
The gnoll hits you from afar with a +0 spear.
You die...

#####.###..######.######..
#.#.............
#......######.###
#######.#<........#
#............######
#.................#
#.........#####.#.###
#..............§§...####
#.........#####§@......#
(.......### ###s#.#.##
#######.# #ggg..# #.#
#g....# #.# #.....#
#.....# #†....# #..†..#
#........


You could see a scorpion and 4 gnolls.

Vanquished Creatures
  An iguana (D:3)
  Robin (D:2)
  4 adders (D:3)
  3 gnolls (D:4)
  4 dart slugs
  5 orcs (D:3)
  3 endoplasms
  4 giant cockroaches
  10 goblins
  10 hobgoblins
  2 quokkas (D:1)
  3 ball pythons (D:1)
  6 bats
  2 frilled lizards
  2 kobolds
  3 rats
63 creatures vanquished.

Vanquished Creatures (others)
  61 foxfires
61 creatures vanquished.

Grand Total: 124 creatures vanquished

Notes
Turn   | Place    | Note
-------+----------+-------------------------------------------
     0 | D:1      | pascalblue the Deep Elf Fire Elementalist began the quest
                  | for the Orb.
     0 | D:1      | Reached XP level 1. HP: 10/10 MP: 6/6
   232 | D:1      | Reached XP level 2. HP: 15/15 MP: 8/8
   543 | D:1      | Learned a level 2 spell: Scorch
   933 | D:2      | Reached XP level 3. HP: 19/19 MP: 6/10
   944 | D:2      | Learned a level 3 spell: Volatile Blastmotes
  1169 | D:2      | Noticed Robin
  1188 | D:1      | Reached skill level 4 in Spellcasting
  1422 | D:2      | Killed Robin
  1904 | D:3      | Noticed cforsyth's ghost (amateur GnAr)
  1904 | D:3      | Found a transporter.
  1904 | D:3      | Found a transporter.
  1908 | D:3      | Noticed a phantom
  1955 | D:3      | Reached XP level 4. HP: 24/24 MP: 8/12
  2095 | D:3      | Learned a level 4 spell: Flame Wave
  2133 | D:3      | Reached skill level 1 in Translocations
  2173 | D:3      | Found a white marble altar of Elyvilon.
  2478 | D:3      | Reached XP level 5. HP: 8/28 MP: 8/14
  2693 | D:3      | Found a radiant altar of Vehumet.
  2840 | D:3      | Became a worshipper of Vehumet
  3221 | D:4      | Reached skill level 5 in Spellcasting
  3359 | D:4      | Slain by a gnoll

Illustrated notes

Levels and vault maps discovered:
D:1:      sevenhm_arrival_forest_fort_large_4, layout_loops_ring
D:2:      layout_loops_cross, uniq_robin
D:3:      layout_rooms, mainiacjoe_overflow_alcove_1,
          nicolae_elyvilon_peaceful_grove, gammafunk_ghost_mausoleum
D:4:      layout_basic, nicolae_hepliaklqana_hazy_memory, grunt_ministairs_11,
          minmay_fractal_squares_gapless_5, uniq_edmund, uniq_menkaure

Skill      XL: |  1  2  3  4  5 |
---------------+----------------+-----
Fire Magic     | 4 |  4.9
Spellcasting   | 4 5 |  5.1
Translocations | 1 |  1.4
Conjurations   | 2 |  2.3
Dodging        | |  2.4
Stealth        | |  2.4

Action                     |  1- 3 |  4- 6 || total
---------------------------+-------+-------++-------
  Melee: Dagger            |    33 |       ||    33
         Punch             |     1 |       ||     1
         Hand axe          |       |     2 ||     2
   Cast: Foxfire           |    27 |    14 ||    41
         Scorch            |    16 |    24 ||    40
    Use: Scroll            |    10 |     2 ||    12
         Potion            |       |     1 ||     1
   Stab: Sleeping          |     3 |       ||     3
 Armour: Robe              |     9 |     8 ||    17
  Dodge: Dodged            |    29 |    13 ||    42

Table legend: (Time is in decaauts)
 A = Elapsed time spent in this place.
 B = Non-inter-level travel time spent in this place.
 C = Inter-level travel time spent in this place.
 D = Time resting spent in this place.
 E = Time spent auto-exploring this place.
 F = Levels seen in this place.
 G = Mean time per level.
                   A        B        C        D        E       F      G
               +--------+--------+--------+--------+--------+-----+--------+
         Total |   3359 |   3250 |    109 |    578 |   1905 |   4 |  839.8 |
       Dungeon |   3359 |   3250 |    109 |    578 |   1905 |   4 |  839.8 |
               +--------+--------+--------+--------+--------+-----+--------+

Top non-repeatable levels by time:
     D:3: 1246 daAuts
     D:1: 1007 daAuts
     D:2: 895 daAuts
     D:4: 210 daAuts
